Map: [ESL] Royal Blood

Players

RiSky

  • Race: Zerg Zerg
  • League: Master
  • Spawn Location: 7:00

Clem - Winner!

  • Race: Terran Terran
  • League: Grandmaster
  • Spawn Location: 1:00

Event: HomeStory Cup XXIII

VOD

Have the link to the VOD?

Description

Time

  • Played on: July 1, 2023, 8:19 a.m.
  • Length: 9:03

All games in this series

Show
View Real Time Build Order
Export as new Build Order

RiSky Zerg 

Build Orders: Hatch First 

Get SALT Encoding   

  12  0:00  Drone  
  13  0:11  Overlord  
  13  0:16  Drone  
  14  0:30  Drone x2  
  16  0:46  Hatchery  
  15  0:50  Drone  
  15  0:53  Drone  
  15  0:56  Drone  
  18  1:06  Extractor  
  17  1:12  Spawning Pool  
  17  1:15  Drone  
  17  1:18  Drone  
  18  1:27  Drone  
  19  1:37  Drone  
  20  1:48  Overlord  
  20  1:58  Queen x2  
  20  1:59  Zergling x2  
  20  2:00  Zergling x2  
  26  2:09  Drone  
  26  2:10  Drone  
  28  2:20  Drone  
  28  2:22  Drone  
  30  2:31  Hatchery  
  30  2:34  Drone  
  29  2:47  Overlord  
  29  2:49  Drone x2, Queen  
  33  2:51  Drone  
  33  2:54  Drone  
  35  3:10  Drone  
  35  3:12  Overlord  
  36  3:13  Drone  
  36  3:14  Drone  
  36  3:17  Drone  
  36  3:18  Drone  
  40  3:26  Overlord  
  40  3:28  Drone  
  41  3:34  Drone  
  41  3:36  Queen  
  41  3:38  Drone  
  45  3:42  Queen, Drone  
  45  3:46  Roach Warren  
  45  3:47  Drone x2  
  49  3:51  Drone  
  49  3:55  Drone x2  
  52  3:56  Drone x2  
  54  4:03  Drone  
  54  4:04  Drone x2  
  54  4:06  Queen  
  54  4:07  Drone  
  54  4:08  Drone  
  61  4:13  Overlord  
  61  4:15  Drone x2  
  63  4:19  Drone  
  63  4:20  Lair  
  63  4:23  Drone  
  65  4:25  Extractor  
  65  4:26  Drone  
  65  4:31  Overlord  
  65  4:32  Overlord  
  65  4:34  Roach x3  
  71  4:39  Roach  
  71  4:41  Evolution Chamber  
  73  4:46  Spore Crawler  
  73  4:47  Spore Crawler  
  73  4:48  Overlord, Spore Crawler  
  73  4:50  Roach x3  
  73  4:52  Drone x3  
  79  4:54  Drone  
  79  4:55  Extractor, Drone  
  81  5:00  Drone, Overlord  
  81  5:01  Drone  
  81  5:06  Drone  
  83  5:09  Drone  
  83  5:10  Drone  
  85  5:15  Drone  
  85  5:18  Extractor, Drone x3, Glial Reconstitution  
  85  5:19  Extractor, Drone  
  88  5:22  Drone  
  88  5:24  Infestation Pit  
  88  5:28  Drone x5  
  92  5:29  Hatchery  
  92  5:32  Drone  
  92  5:35  Drone  
  94  5:36  Drone  
  94  5:37  Drone  
  94  5:39  Extractor  
  94  5:42  Evolution Chamber  
  92  5:43  Drone  
  92  5:45  Drone  
  94  5:50  Overseer  
  94  5:51  Drone  
  94  5:52  Queen  
  94  5:54  Drone  
  98  5:58  Evolution Chamber  
  94  6:11  Drone x12  
  96  6:19  Drone  
  96  6:22  Drone  
  96  6:25  Drone  
  94  6:26  Spore Crawler  
  94  6:28  Drone  
  94  6:31  Drone  
  94  6:32  Hive  
  93  6:34  Drone  
  93  6:39  Drone  
  95  6:40  Zerg Ground Armor Level 1  
  95  6:45  Drone x2  
  97  6:48  Roach  
  97  6:54  Spire  
  98  6:55  Roach x2  
  98  6:58  Roach x2  
  98  6:59  Roach  
  98  7:00  Ravager  
  109  7:05  Roach  
  109  7:06  Overlord x4  
  111  7:11  Overlord  
  111  7:24  Queen x2  
  111  7:26  Roach x7  
  121  7:33  Roach x6  
  121  7:36  Roach  
  122  7:39  Roach  
  122  7:42  Roach x2  
  114  7:44  Roach  
  114  7:48  Roach x3  
  118  7:53  Ravager x2  
  118  7:58  Overlord  
  120  8:00  Extractor  
  120  8:01  Extractor  
  116  8:06  Roach x4  
  116  8:08  Hatchery  
  123  8:14  Spore Crawler  
  123  8:18  Roach x6  
  109  8:29  Roach x2  
  109  8:30  Roach  
  109  8:32  Roach x3  
  105  8:34  Roach  
  105  8:35  Roach  
  105  8:37  Roach  
  94  8:43  Roach x2  
Show
View Real Time Build Order
Export as new Build Order

Clem Terran - Winner!

Build Orders: Reaper Expand, Hellion Banshee 

Get SALT Encoding   

  12  0:00  SCV  
  13  0:12  SCV  
  14  0:17  Supply Depot  
  14  0:24  SCV  
  15  0:38  SCV  
  15  0:40  Barracks  
  15  0:42  Refinery  
  16  0:50  SCV  
  17  1:03  SCV  
  18  1:15  SCV  
  19  1:26  Reaper  
  19  1:27  Orbital Command  
  20  1:38  Command Center  
  20  1:47  Supply Depot  
  20  1:52  SCV  
  21  1:58  Marine  
  22  2:04  SCV  
  23  2:10  Factory  
  23  2:16  SCV  
  23  2:19  Barracks Reactor  
  24  2:29  SCV  
  25  2:39  Command Center  
  25  2:41  SCV  
  26  2:51  Orbital Command  
  26  2:54  SCV  
  27  3:00  Starport  
  27  3:02  Refinery  
  27  3:06  SCV  
  27  3:09  Hellion  
  32  3:13  Hellion  
  32  3:17  SCV  
  32  3:18  SCV  
  32  3:19  Barracks Tech Lab  
  34  3:29  SCV  
  34  3:30  SCV  
  34  3:31  Hellion  
  40  3:34  Hellion  
  40  3:41  SCV  
  41  3:42  Banshee  
  41  3:43  SCV  
  45  3:51  Orbital Command  
  45  3:53  SCV  
  45  3:55  Cloaking Field, SCV  
  47  3:58  Hellion  
  47  4:00  Hellion  
  51  4:04  Supply Depot  
  51  4:05  SCV  
  51  4:07  SCV  
  53  4:11  Barracks Tech Lab  
  53  4:17  SCV  
  53  4:18  SCV  
  53  4:20  SCV  
  53  4:23  Barracks  
  56  4:25  Barracks  
  56  4:27  Supply Depot  
  56  4:29  Factory Reactor  
  56  4:31  Orbital Command, Banshee  
  59  4:34  SCV x2  
  59  4:36  Marine  
  62  4:46  Stimpack, SCV x2  
  62  4:47  Refinery  
  62  4:48  Refinery  
  62  4:51  Supply Depot  
  64  4:54  Marine  
  64  4:55  Engineering Bay  
  64  4:57  SCV, Engineering Bay  
  64  4:58  SCV  
  65  5:00  SCV  
  66  5:09  Barracks, SCV  
  66  5:11  Barracks, Marine x3  
  66  5:13  SCV  
  71  5:16  SCV  
  73  5:22  Marine x2  
  73  5:24  Starport Reactor  
  73  5:26  SCV  
  73  5:27  Supply Depot  
  76  5:29  Terran Infantry Weapons Level 1, Marine  
  76  5:30  Marine x2  
  76  5:32  Siege Tank  
  76  5:34  SCV  
  82  5:36  SCV  
  82  5:41  Marine x2  
  82  5:42  Supply Depot  
  85  5:48  Marine, SCV x3  
  89  5:50  Marine  
  89  5:51  Supply Depot  
  89  5:53  Marine  
  91  5:59  Barracks Reactor  
  91  6:00  Marine, Barracks Reactor, Supply Depot, SCV  
  91  6:03  Marine  
  94  6:04  SCV  
  94  6:06  Marine  
  94  6:07  SCV  
  94  6:08  Marine  
  97  6:11  Marine  
  97  6:13  SCV  
  97  6:14  Medivac x2, Siege Tank  
  97  6:18  SCV, Marine  
  104  6:21  Marine  
  104  6:22  SCV  
  104  6:23  Terran Infantry Armor Level 1  
  104  6:24  Marine  
  104  6:25  SCV  
  104  6:30  Marine x2, Refinery  
  104  6:31  Refinery, Supply Depot  
  104  6:32  Supply Depot  
  104  6:35  Factory  
  104  6:36  Marine  
  104  6:37  SCV  
  104  6:38  SCV  
  104  6:39  SCV  
  105  6:41  Marine  
  105  6:45  Marine x5  
  111  6:48  Armory  
  111  6:50  SCV  
  111  6:52  SCV x2  
  114  6:56  Marine x3  
  114  6:57  Combat Shield, Supply Depot  
  114  6:59  Marine  
  118  7:02  SCV, Siege Tank  
  118  7:04  Medivac  
  118  7:05  Marine x2  
  126  7:09  Medivac  
  126  7:10  Marine x2  
  126  7:11  Marine  
  131  7:18  Command Center  
  131  7:21  Marine  
  130  7:23  Factory Tech Lab  
  130  7:27  Marine, Supply Depot  
  127  7:30  Marine  
  127  7:32  Marine  
  127  7:34  Siege Tank  
  127  7:36  Marine x2  
  124  7:40  Marine  
  124  7:41  Marine x3  
  124  7:43  Siege Tank  
  125  7:45  Marine  
  125  7:47  Marine  
  125  7:49  Supply Depot  
  126  7:53  Marine x2  
  128  7:59  Barracks  
  128  8:00  Barracks x2  
  128  8:03  Marine, Marauder  
  128  8:04  Marine  
  132  8:06  Medivac  
  132  8:07  Siege Tank  
  132  8:09  Marine  
  132  8:10  Marine x3  
  140  8:16  Concussive Shells  
  140  8:18  Medivac  
  140  8:19  Siege Tank  
  137  8:20  Marine  
  137  8:24  Marine  
  137  8:25  Marine  
  138  8:27  Marine  
  138  8:29  Marine  
  138  8:31  Marine  
  138  8:32  Marine  
  134  8:36  Marine  
Tags
 
Add a new tag
Caveats
  • Supply blocks, unpowered buildings, or Contaminate may cause inaccurate times.
  • Supply counts are checked every 10 seconds.